 Dungeon Crawl Stone Soup version 0.28.0-47-ge53b351184 (webtiles) character file.

Game seed: 2710932646113959803

7161 CryoSword the Slayer (level 11, -1/225 HPs)
             Began as an Ogre Berserker on Apr 27, 2022.
             Was a Priest of Trog.
             Killed from afar by a lindwurm (14 damage)
             ... with a blast of flame
             ... on level 8 of the Dungeon.
             The game lasted 00:15:25 (10716 turns).

CryoSword the Slayer (Ogre Berserker)              Turns: 10716, Time: 00:15:25

Health: -1/225     AC:  4    Str: 23    XL:     11   Next: 10%
Magic:  11/11      EV: 10    Int:  8    God:    Trog [***...]
Gold:   1182       SH:  0    Dex: 12    Spells: 10/10 levels left

rFire   + . .      SeeInvis .   d - +1 quarterstaff (spect)
rCold   . . .      Faith    .   (shield currently unavailable)
rNeg    . . .      Spirit   .   a - +1 robe {rF+}
rPois   .          Reflect  .   (helmet restricted)
rElec   .          Harm     .   (no cloak)
rCorr   .          Rampage  .   (gloves unavailable)
Will    +++..                   (boots unavailable)
Stlth   ..........              x - amulet of regeneration
HPRegen 2.27/turn               k - ring of flight
MPRegen 0.12/turn               (no ring)

@: berserking, strong-willed, flying, regenerating, very quick
A: large, unfitting armour, tough skin 1
a: Renounce Religion, Berserk, Trog's Hand


You were on level 8 of the Dungeon.
You worshipped Trog.
Trog was most pleased with you.
You visited 1 branch of the dungeon, and saw 8 of its levels.
You also visited: Bailey.

You collected 1182 gold pieces.

Inventory:

Hand Weapons
 d - a +1 spectral quarterstaff (weapon)
   (You found it on level 5 of the Dungeon)
 q - a +0 giant spiked club
   (You took it off an ogre on level 5 of the Dungeon)
Missiles
 f - 20 boomerangs (quivered)
 h - 3 poisoned darts
Armour
 a - a +1 robe of fire resistance (worn)
   (You took it off a wight on level 8 of the Dungeon)
Jewellery
 k - a ring of flight (left hand)
   (You found it on level 2 of the Dungeon)
 l - a ring of ice
   (You found it on level 3 of the Dungeon)
 x - an amulet of regeneration (around neck)
   (You found it on level 7 of the Dungeon)
Scrolls
 e - 5 scrolls of teleportation {@r4}
 g - 3 scrolls of fog
 i - a scroll of blinking {unknown}
 j - 3 scrolls of enchant armour
 m - a scroll of immolation {!r}
 n - 3 scrolls of magic mapping
 o - 2 scrolls of torment {unknown}
 t - 2 scrolls of enchant weapon {unknown}
 y - a scroll of summoning {unknown}
Potions
 b - a potion of ambrosia {unknown}
 c - 3 potions of might
 p - 2 potions of cancellation
 r - a potion of mutation {unknown}
 s - a potion of brilliance
 u - a potion of lignification {unknown}
 v - a potion of haste {@q3}
 w - a potion of curing {unknown}
Miscellaneous
 z - a phantom mirror
   (You found it in a bailey)


   Skills:
 + Level 21.0 Fighting
 - Level 2.6 Maces & Flails
 - Level 2.6 Dodging


You had 10 spell levels left.
You didn't know any spells.
Your spell library was empty.

Dungeon Overview and Level Annotations

Branches:
Dungeon (8/15)             Temple (0/1) D:7          Bailey (visited)
   Lair: D:8-11

Altars:
Fedhas
Kikubaaqudgha
Trog
Vehumet
Wu Jian
Zin

Annotations:
D:4 3 runed translucent doors, 101zpm's ghost, novice GnAE
D:8 2 transporters, Sheol's ghost, journeyman MiFi


Innate Abilities, Weirdness & Mutations

You are too large for most types of armour.
You have tough skin. (AC +1)


Message History

You feel yourself slow down.
Your skin stops crawling.
You feel less strong-willed.
You start resting.
You feel yourself speed up.
You start resting.
You recover from your berserk rage.
You start resting.
The eight-headed hydra roars!
Sheol's ghost turns its malevolent gaze towards you.
The five-headed hydra roars!
Things that are here:
a +0 flail; a +0 leather armour Sheol's ghost says, "I can no longer spread life, but I can still bring your death!"
Found a transporter.
Found 25 stones.
Found a stone staircase leading down.
Found an escape hatch in the floor.
There is an escape hatch in the floor here.
The five-headed hydra roars!
The eight-headed hydra roars!
Sheol's ghost turns its malevolent gaze towards you.
There is a transporter landing site here.
Key pressed, stopping explore.
There is a stone staircase leading up here.
Key pressed, stopping explore.
Sheol's ghost moans, "Why did I trust plants to save my life?"
There is an escape hatch in the ceiling here.
Items here: ))) ÷÷.
You see here a +0 dagger.
Found a stone staircase leading down.
There is a stone staircase leading down here.
A mummy is nearby!
A mummy is nearby!
A mummy is nearby!
You completely miss the mummy.
Your +1 spectral quarterstaff barely misses the mummy.
The mummy hits you!
You hit the mummy but do no damage.
Your +1 spectral quarterstaff hits the mummy!
The mummy hits you!
You thump the mummy!
You destroy the mummy!
Trog accepts your kill.
No target in view!
No target in view!
You see here a book of Power.
A centaur comes into view.
A centaur is nearby!
A centaur is nearby!
The centaur shouts!
The centaur wields a +0 shortbow.
The centaur shoots an arrow.
The arrow hits you.
The centaur shoots an arrow.
The arrow hits you!
The centaur shoots an arrow.
The arrow hits you.
The centaur shoots an arrow.
The arrow hits you.
The centaur unwields a +0 shortbow.
The centaur misses you.
The centaur kicks you but does no damage.
The centaur hits you but does no damage.
The centaur kicks you.
You hit the centaur.
Your +1 spectral quarterstaff hits the centaur!
The centaur hits you.
The centaur kicks you but does no damage.
The centaur hits you. The centaur kicks you.
You hit the centaur.
Your +1 spectral quarterstaff barely misses the centaur.
The centaur hits you. The centaur kicks you.
You bludgeon the centaur!!
You kill the centaur!
Trog accepts your kill.
No target in view!
A - a scroll of identify {@r1} You now have 1182 gold pieces (gained 24).
Things that are here:
a +0 shortbow; 23 arrows
There is a stone staircase leading down here.
Partly explored, unvisited transporter and can't reach some items and places.
Partly explored, unvisited transporter and can't reach some items and places.
Partly explored, unvisited transporter and can't reach some items and places.
As you read the scroll of identify {@r1}, it crumbles to dust.
n - 3 scrolls of magic mapping The lindwurm breathes flames at you.
The blast of flame hits you!! You resist.
You hear a roar!
Found 18 gold pieces and a sedimented sapphire potion.
The lindwurm roars!
The lindwurm roars!
You barely miss the lindwurm.
Your +1 spectral quarterstaff hits the lindwurm but does no damage.
The lindwurm breathes flames at you. The blast of flame hits you. You resist.
You hit the lindwurm.
Your +1 spectral quarterstaff hits the lindwurm.
You hit the lindwurm but do no damage.
Your +1 spectral quarterstaff hits the lindwurm!
Something misses your +1 spectral quarterstaff.
Something claws your +1 spectral quarterstaff but does no damage.
Something misses your +1 spectral quarterstaff.
The lindwurm breathes flames at you. The blast of flame misses you.
You sock the lindwurm!
Your +1 spectral quarterstaff hits the lindwurm.
The lindwurm barely misses you. The lindwurm claws you.
The lindwurm closely misses you. The lindwurm breathes flames at you.
The blast of flame hits you!! You resist.
You hit the lindwurm.
Your +1 spectral quarterstaff hits the lindwurm.
The lindwurm bites you! The lindwurm barely misses you. The lindwurm claws you.
The lindwurm bites you! The lindwurm claws you.
The lindwurm closely misses you. The lindwurm bites you!
* * * LOW HITPOINT WARNING * * *
The lindwurm claws you.
* * * LOW HITPOINT WARNING * * *
The lindwurm claws you!
* * * LOW HITPOINT WARNING * * *
Your skin crawls.
You feel strong-willed. The lindwurm bites you!
* * * LOW HITPOINT WARNING * * *
The lindwurm closely misses you. The lindwurm claws you.
* * * LOW HITPOINT WARNING * * *
The lindwurm bites you!
* * * LOW HITPOINT WARNING * * *
The lindwurm barely misses you.
The lindwurm claws you but does no damage.
A red film seems to cover your vision as you go berserk!
You feel yourself moving faster!
You feel mighty! The lindwurm misses you. The lindwurm claws you!
* * * LOW HITPOINT WARNING * * *
The lindwurm claws you.
* * * LOW HITPOINT WARNING * * *
The lindwurm breathes flames at you. The blast of flame hits you!! You resist.
* * * LOW HITPOINT WARNING * * *
You barely miss the lindwurm.
Your +1 spectral quarterstaff closely misses the lindwurm.
The lindwurm bites you.
* * * LOW HITPOINT WARNING * * *
The lindwurm barely misses you. The lindwurm claws you.
* * * LOW HITPOINT WARNING * * *
You sock the lindwurm!
You feel the power of Trog in you as your rage grows.
You kill the lindwurm!
Trog accepts your kill.
Your Fighting skill increases to level 21!
You hit the lindwurm.
Your +1 spectral quarterstaff hits the lindwurm but does no damage.
The lindwurm breathes flames at you. The blast of flame hits you! You resist.
You die...

#.##.....§§≈§§≈≈..§k≈≈§≈§≈.....#
..>..#...≈≈≈≈≈...##.k.≈≈§§§§.#.#
#.###.#.(§≈≈≈§.§####k.§≈§≈§..#.#
#.# #....≈≈≈≈=.#.$!k#§§§≈§≈....#
#.###...≈≈≈≈§§##[|>$##.≈§§≈§...#
...>....≈≈≈≈§§##/)|k##.≈≈§§≈...#
#.###....§≈≈§§.#.[(.#..§§§≈§§.##
#.#####..≈§§§§.k####..§§§§≈..##
....###..§≈≈≈§.(@##...§§≈§§..#
#.#.##....≈≈≈≈≈§...§≈§≈≈≈≈...#
#.#.##....≈≈≈≈≈≈≈§≈≈≈≈§§≈≈...#
#.#.##.....≈≈≈≈≈≈§≈≈≈§§§≈...##
............≈≈≈≈≈≈≈§≈≈≈§....#
###.####......≈≈≈≈≈≈≈§§§...##
###.##...........≈≈Z......##
..........................#
###.#......#####.......).##


You could see a lindwurm (catching breath), a howler monkey zombie and a
friendly +1 spectral quarterstaff (summoned).

Vanquished Creatures
  An orc warlord (Bailey)
  A two-headed ogre (D:8)
  3 orc knights (Bailey)
  A lindwurm (D:8)
  Sigmund (D:6)
  2 steam dragons (D:6)
  5 yaks (D:8)
  A water moccasin (D:7)
  A black bear (D:7)
  6 orc warriors
  2 necrophages
  An ogre (D:5)
  A centaur (D:8)
  A phantom (D:6)
  A kobold brigand (D:8)
  A bullfrog (D:7)
  A scorpion (D:4)
  4 killer bees (D:8)
  9 wights
  4 howler monkeys
  4 hounds
  3 orc priests
  2 centaur zombies
  8 orc wizards
  4 iguanas
  A howler monkey zombie (D:7)
  A mummy (D:8)
  4 gnolls (Bailey)
  5 adders
  3 white imps
  4 ufetubi
  2 adder skeletons
  3 worms
  A dart slug (D:3)
  23 orcs
  6 ball pythons
  2 endoplasms
  5 giant cockroaches
  12 goblins
  7 hobgoblins
  4 jackals
  5 quokkas
  5 bats
  3 frilled lizards (D:2)
  24 kobolds
  7 rats
195 creatures vanquished.

Vanquished Creatures (others)
  7 withered plants (D:8)
7 creatures vanquished.

Grand Total: 202 creatures vanquished

Notes
Turn   | Place    | Note
-------+----------+-------------------------------------------
     0 | D:1      | CryoSword the Ogre Berserker began the quest for the Orb.
     0 | D:1      | Reached XP level 1. HP: 24/24 MP: 1/1
   145 | D:1      | Reached XP level 2. HP: 33/33 MP: 2/2
   358 | D:1      | Reached skill level 5 in Fighting
  1305 | D:2      | Reached XP level 3. HP: 42/42 MP: 3/3
  1480 | D:2      | Found an ornate altar of the Wu Jian Council.
  1910 | D:2      | Reached skill level 6 in Fighting
  2000 | D:2      | Reached ** piety under Trog
  2085 | D:2      | Reached XP level 4. HP: 51/53 MP: 4/4
  2240 | D:2      | Found a faded altar of an unknown god.
  2892 | D:3      | Found a bloodstained altar of Trog.
  2929 | D:3      | Reached skill level 7 in Fighting
  3155 | D:4      | Noticed an ice beast
  3155 | D:4      | Noticed 101zpm's ghost (novice GnAE)
  3196 | D:4      | Noticed a scorpion
  3209 | D:4      | Reached XP level 5. HP: 62/62 MP: 5/5
  3222 | D:4      | Reached skill level 8 in Fighting
  3478 | D:4      | Found a runed translucent gate.
  3478 | D:4      | Found a runed translucent gate.
  3478 | D:4      | Found a runed translucent gate.
  3664 | D:4      | Reached XP level 6. HP: 49/74 MP: 6/6
  4532 | D:5      | Entered Level 5 of the Dungeon
  4559 | D:5      | Reached skill level 9 in Fighting
  4843 | D:5      | Noticed a necrophage
  4846 | D:5      | Killed a necrophage
  4880 | D:5      | Reached skill level 10 in Fighting
  4880 | D:5      | Reached XP level 7. HP: 85/85 MP: 7/7
  5211 | D:5      | Found a blossoming altar of Fedhas.
  5422 | D:6      | Reached skill level 11 in Fighting
  5531 | D:6      | Noticed a steam dragon
  5537 | D:6      | Killed a steam dragon
  5538 | D:6      | Reached skill level 12 in Fighting
  5538 | D:6      | Reached XP level 8. HP: 45/101 MP: 8/8
  5771 | D:6      | Noticed Sigmund
  5780 | D:6      | Killed Sigmund
  5781 | D:6      | Reached skill level 13 in Fighting
  6234 | D:6      | Reached skill level 14 in Fighting
  6461 | D:7      | Reached XP level 9. HP: 114/114 MP: 9/9
  6480 | D:7      | Reached skill level 15 in Fighting
  7246 | D:7      | Reached *** piety under Trog
  7288 | D:7      | Reached skill level 16 in Fighting
  7593 | D:7      | Found a staircase to the Ecumenical Temple.
  7681 | D:7      | Found a glowing silver altar of Zin.
  7692 | D:7      | Found an ancient bone altar of Kikubaaqudgha.
  7945 | D:8      | Noticed a two-headed ogre
  7952 | D:8      | Killed a two-headed ogre
  7953 | D:8      | Reached skill level 17 in Fighting
  7953 | D:8      | Reached XP level 10. HP: 83/132 MP: 10/10
  7967 | D:8      | Found a flagged portal.
  7979 | Bailey   | Entered a bailey
  8002 | Bailey   | Noticed an orc warlord
  8106 | Bailey   | Noticed an orc knight
  8110 | Bailey   | Noticed an orc knight
  8128 | Bailey   | Reached skill level 18 in Fighting
  8215 | Bailey   | Noticed an orc knight
  8578 | Bailey   | Killed an orc knight
  9389 | Bailey   | Killed an orc knight
  9448 | Bailey   | Found a runed translucent gate.
  9450 | Bailey   | Found a runed translucent gate.
  9451 | Bailey   | Found a runed translucent gate.
  9494 | Bailey   | Killed an orc knight
  9495 | Bailey   | Reached skill level 19 in Fighting
  9705 | Bailey   | Killed an orc warlord
  9861 | D:8      | Acquired 821 gold pieces
  9923 | D:8      | Noticed a lindwurm
  9927 | D:8      | Noticed a lindwurm
  9930 | D:8      | Noticed a lindwurm
  9931 | D:8      | Noticed a lindwurm
  9936 | D:8      | HP: 1/130 [lindwurm/blast of flame (30)]
  9955 | D:8      | Reached skill level 20 in Fighting
 10238 | D:8      | Found a radiant altar of Vehumet.
 10302 | D:8      | Noticed a five-headed hydra
 10303 | D:8      | Found a transporter.
 10303 | D:8      | Noticed Sheol's ghost (journeyman MiFi)
 10303 | D:8      | Noticed an eight-headed hydra
 10335 | D:8      | Reached XP level 11. HP: 88/149 MP: 11/11
 10415 | D:8      | Found a transporter.
 10714 | D:8      | HP: 9/223 [lindwurm (4)]
 10715 | D:8      | Killed a lindwurm
 10716 | D:8      | Reached skill level 21 in Fighting
 10716 | D:8      | Killed from afar by a lindwurm

Illustrated notes

Levels and vault maps discovered:
D:1:      ncdulo_lavacross, layout_loops_corners, wad_floor_pattern_2
D:2:      layout_basic, basic_altar, chequers_ecumenical_altar_grove
D:3:      layout_basic, old_standard_altar
D:4:      layout_loops_ring, gammafunk_ghost_icy, chequers_avenue
D:5:      layout_basic, fedhas_bush_and_centaur_altar
D:6:      layout_basic, grunt_tough_drop, uniq_sigmund
D:7:      layout_cave_pools, mainiacjoe_overflow_big_doors,
          minmay_temple_entry_large_hall, serial_park, serial_park_square1
          [serial_park_minivault_5x5_5], serial_park_gazebo
          [serial_park_minivault_5x5_1]
D:8:      layout_loops_ring, lemuel_crystal_altar, gammafunk_ghost_arena,
          enter_bailey_1, serial_undead, serial_undead_a, serial_undead_f,
          serial_undead_f, serial_undead_e, minmay_lindwurm_lava

Skill      XL: |  1  2  3  4  5  6  7  8  9 10 11 |
---------------+----------------------------------+-----
Fighting       | 5 6 7 8 10 12 14 17 20 21 | 21.0
Maces & Flails | |  2.6
Dodging        | |  2.6

Action                   |  1- 3 |  4- 6 |  7- 9 | 10-12 || total
-------------------------+-------+-------+-------+-------++-------
Melee: Mace              |    89 |   134 |       |       ||   223
       Punch             |     2 |     3 |       |       ||     5
       Quarterstaff      |       |     6 |   147 |   129 ||   282
Throw: Boomerang         |       |       |       |    20 ||    20
Invok: Berserk           |       |     3 |     6 |     9 ||    18
       Trog's Hand       |       |     1 |     3 |     7 ||    11
  Use: Scroll            |     5 |     4 |       |     6 ||    15
       Potion            |       |       |       |     6 ||     6
 Stab: Sleeping          |       |     1 |       |       ||     1
       Distracted        |       |       |       |     2 ||     2
Armor: Animal skin       |    19 |    38 |    34 |    24 ||   115
       Robe              |       |       |       |    17 ||    17
Dodge: Dodged            |    54 |    67 |    92 |    88 ||   301
